 Dungeon Crawl Stone Soup version 0.26.1-11-gd32895ea62 (webtiles) character file.

Game seed: 13306993266509833627

186 promet the Skirmisher (level 5, -2/58 HPs)
             Began as an Ogre Fighter on June 10, 2021.
             Succumbed to an orc wizard's poison
             ... on level 2 of the Dungeon.
             The game lasted 00:09:56 (2474 turns).

promet the Skirmisher (Ogre Fighter)                Turns: 2474, Time: 00:09:59

Health: -2/58      AC:  3    Str: 20    XL:     5   Next: 65%
Magic:  5/5        EV:  8    Int: 10    God:
Gold:   115        SH:  8    Dex:  8    Spells: 4/4 levels left

rFire    + . .     SeeInvis .   a - +1 war axe
rCold    + . .     Faith    .   c - +0 kite shield
rNeg     . . .     Spirit   .   n - +0 robe
rPois    .         Reflect  .   (helmet restricted)
rElec    .         Harm     .   m - scarf {rC+ rF+}
rCorr    .         Rampage  .   (gloves unavailable)
Will     .....                  (boots unavailable)
Stlth    +.........             (no amulet)
HPRegen  0.19/turn              (no ring)
MPRegen  0.09/turn              (no ring)

@: lethally poisoned (-2 -> -22)
A: large, unfitting armour, tough skin 1
a: no special abilities


You were on level 2 of the Dungeon.
You visited 1 branch of the dungeon, and saw 3 of its levels.

You collected 115 gold pieces.

Inventory:

Hand Weapons
 a - a +1 war axe (weapon)
 b - a +0 hunting sling
Missiles
 e - 10 poisoned darts
 g - 80 stones (quivered)
 i - 19 bolts
Armour
 c - a +0 kite shield (worn)
 m - a scarf of resistance (worn)
 n - a +0 robe (worn)
Wands
 h - a wand of acid (11)
Potions
 d - 2 potions of might
 f - 2 potions of ambrosia
 l - a potion of attraction
 o - a potion of invisibility {unknown}


   Skills:
 * Level 5.6 Fighting
 + Level 4.0 Axes
 + Level 0.2 Slings
 + Level 3.1 Dodging
 + Level 0.2 Stealth
 + Level 3.1 Shields


You had 4 spell levels left.
You didn't know any spells.
Your spell library was empty.

Dungeon Overview and Level Annotations

Branches:
Dungeon (3/15)

Altars:
Ashenzari
Vehumet

Annotations:
D:3 Robin


Innate Abilities, Weirdness & Mutations

You are too large for most types of armour.
You have tough skin. (AC +1)


Message History

The orc barely misses you. Something hits you.
* * * LOW HITPOINT WARNING * * *
You completely miss the orc. You barely miss something.
* * * LOW HITPOINT WARNING * * *
You feel sick. Something hits you.
* * * LOW HITPOINT WARNING * * *
You are more poisoned.
The orc hits you with a +0 hand axe.
* * * LOW HITPOINT WARNING * * *
Something hits you but does no damage.
You are more poisoned.
Unknown command.
Unknown command.
* * * LOW HITPOINT WARNING * * *
You feel sick. Something hits you.
* * * LOW HITPOINT WARNING * * *
You block the orc's attack.
You climb upwards.
Reactivating autopickup.
You die...

........##...............#
........##....##.........#
..............##...[.....#
........#................#
.........................#
....#...#..........#######
........#..........#
.###...........o..##
................@.#
.###..............############
.###.........................#
..##.........................#
#.##....#########............#
#..#.########................#
#............................#
#............................#
#.............###............#


You could see an orc.

Vanquished Creatures
  A phantom (D:3)
  4 adders
  An ooze (D:2)
  A dart slug (D:1)
  2 leopard geckos (D:2)
  3 orcs
  A giant cockroach (D:2)
  9 goblins
  5 hobgoblins
  11 jackals
  4 kobolds
  2 bats
  5 frilled lizards
  6 rats
55 creatures vanquished.

Notes
Turn   | Place    | Note
-------+----------+-------------------------------------------
     0 | D:1      | promet the Ogre Fighter began the quest for the Orb.
     0 | D:1      | Reached XP level 1. HP: 24/24 MP: 1/1
    53 | D:1      | Found a radiant altar of Vehumet.
   474 | D:1      | Reached XP level 2. HP: 32/32 MP: 2/2
  1182 | D:2      | Reached XP level 3. HP: 39/40 MP: 3/3
  1409 | D:2      | Reached XP level 4. HP: 45/49 MP: 4/4
  1946 | D:2      | Found a broken altar of Ashenzari.
  2006 | D:3      | Reached skill level 5 in Fighting
  2116 | D:3      | Noticed Robin
  2150 | D:3      | HP: 2/50 [goblin/sling bullet[Robin] (8)]
  2423 | D:3      | Noticed a phantom
  2439 | D:3      | Killed a phantom
  2440 | D:3      | Reached XP level 5. HP: 50/57 MP: 5/5
  2473 | D:3      | HP: 2/58 [poisoned by an orc wizard]
  2474 | D:2      | Succumbed to an orc wizard's poison

Illustrated notes

Levels and vault maps discovered:
D:1:      dpeg_arrival_lava_altar, layout_basic
D:2:      layout_basic, lemuel_crystal_altar
D:3:      layout_rooms, uniq_jessica, uniq_robin

Skill      XL: |  1  2  3  4 |
---------------+-------------+-----
Axes           | 3 4 |  4.0
Dodging        | 3 |  3.1
Fighting       | 5 |  5.6
Shields        | 3 |  3.1
Slings         | |  0.2
Stealth        | |  0.2

Action                   |  1- 3 |  4- 6 || total
-------------------------+-------+-------++-------
Melee: War axe           |    86 |    58 ||   144
 Fire: Hunting sling     |       |     5 ||     5
Throw: Stone             |     1 |     1 ||     2
  Use: Scroll            |     8 |     1 ||     9
       Potion            |     1 |     4 ||     5
Armor: Robe              |    23 |    13 ||    36
Dodge: Dodged            |    41 |    28 ||    69
Block: Kite shield       |    43 |    44 ||    87
